Map: Jagannatha LE

Players

Scarlett - Winner!

  • Race: Zerg Zerg

MCanning

  • Race: Protoss Protoss

Event: DreamHack SC2 Masters 2021 Fall

VOD

Have the link to the VOD?

Description

Time

  • Played on: Aug. 3, 2021, 3:28 p.m.
  • Length: 10:05

All games in this series

Show
View Real Time Build Order
Export as new Build Order

Scarlett Zerg - Winner!

Build Orders: Hatch First, Muta Ling Bane 

Get SALT Encoding   

  12  0:00  Drone  
  13  0:12  Overlord  
  13  0:16  Drone  
  14  0:30  Drone x2  
  16  0:47  Hatchery  
  15  0:50  Drone  
  15  0:54  Drone  
  17  0:58  Drone  
  18  1:08  Extractor  
  17  1:13  Spawning Pool  
  17  1:17  Drone  
  17  1:22  Drone  
  18  1:28  Drone  
  19  1:39  Drone  
  20  1:49  Drone  
  21  1:59  Queen  
  21  2:00  Queen, Zergling x2, Overlord  
  26  2:10  Drone  
  26  2:11  Drone  
  26  2:14  Metabolic Boost  
  28  2:21  Drone x2  
  30  2:33  Hatchery  
  29  2:38  Zergling x2  
  29  2:39  Drone  
  31  2:44  Drone  
  31  2:45  Overlord  
  31  2:50  Queen  
  35  2:58  Drone x2  
  36  3:06  Drone x2  
  36  3:09  Drone x3  
  41  3:14  Overlord  
  41  3:15  Queen  
  41  3:19  Overlord  
  43  3:25  Drone  
  44  3:31  Queen, Overlord  
  45  3:43  Drone  
  45  3:44  Drone x3  
  45  3:45  Queen  
  45  3:46  Drone x2  
  53  3:58  Drone x4  
  53  3:59  Roach Warren  
  56  4:05  Lair  
  56  4:08  Extractor, Drone  
  56  4:10  Drone x2  
  56  4:13  Drone  
  56  4:14  Spore Crawler  
  56  4:15  Spore Crawler  
  57  4:17  Spore Crawler  
  57  4:19  Drone x2  
  57  4:23  Overlord  
  58  4:26  Overlord  
  58  4:31  Drone x2  
  58  4:32  Drone  
  58  4:34  Zergling x6  
  58  4:37  Zergling x4  
  66  4:44  Zergling x8  
  70  4:52  Zergling x10  
  74  5:00  Roach x3  
  74  5:04  Overseer  
  79  5:13  Drone x3  
  80  5:16  Extractor x2  
  80  5:19  Drone x3  
  81  5:24  Spire  
  81  5:26  Extractor  
  78  5:28  Overseer  
  78  5:33  Drone x4, Overlord  
  82  5:38  Extractor  
  81  5:48  Drone  
  81  5:49  Overlord x2  
  82  5:53  Drone x8  
  90  5:59  Glial Reconstitution, Overlord x3  
  90  6:03  Hatchery  
  89  6:12  Pneumatized Carapace  
  89  6:14  Drone x4  
  89  6:16  Drone  
  94  6:19  Roach  
  94  6:20  Roach x5  
  94  6:25  Roach  
  108  6:32  Drone  
  108  6:42  Overlord x3  
  108  6:46  Mutalisk x6  
  118  6:49  Drone  
  119  6:56  Mutalisk  
  119  6:58  Overlord x5  
  119  7:00  Hatchery  
  120  7:16  Drone x10  
  120  7:17  Drone  
  120  7:18  Drone  
  120  7:20  Zerg Flyer Weapons Level 1  
  120  7:22  Baneling Nest, Evolution Chamber  
  131  7:23  Drone x4  
  134  7:32  Overlord  
  134  7:33  Overlord  
  134  7:37  Mutalisk x3  
  140  7:44  Mutalisk x2  
  140  7:45  Mutalisk  
  146  7:58  Zerg Missile Weapons Level 1  
  146  8:04  Hatchery, Evolution Chamber  
  144  8:07  Drone  
  144  8:08  Drone x9  
  144  8:09  Centrifical Hooks  
  154  8:17  Spore Crawler, Spine Crawler  
  154  8:19  Roach x2  
  164  8:20  Roach x4  
  164  8:23  Extractor x2  
  160  8:34  Roach x2  
  160  8:35  Roach x8  
  180  8:51  Hatchery  
  180  8:52  Zergling x20  
  189  8:58  Overseer  
  187  9:05  Infestation Pit  
  186  9:15  Zergling x16  
  197  9:20  Ravager x4  
  197  9:21  Ravager x2  
  200  9:24  Baneling x8  
  200  9:25  Baneling x10  
  200  9:36  Baneling x10  
  198  9:41  Baneling x4, Spine Crawler  
  198  9:42  Zergling x2  
  198  9:43  Zergling x4  
  198  9:47  Spore Crawler  
Show
View Real Time Build Order
Export as new Build Order

MCanning Protoss 

Build Orders: 1 Gate Expand, Zealot Archon, Archon Drop, Dark Templar Rush 

Get SALT Encoding   

  12  0:00  Probe  
  13  0:12  Probe  
  14  0:20  Pylon  
  14  0:24  Probe  
  15  0:38  Gateway, Probe (Chrono Boost)  
  16  0:48  Assimilator, Probe (Chrono Boost)  
  17  0:53  Probe (Chrono Boost)  
  18  1:04  Probe  
  19  1:16  Probe  
  20  1:26  Nexus  
  20  1:35  Cybernetics Core  
  20  1:38  Probe  
  21  1:45  Assimilator  
  21  1:50  Probe  
  21  1:53  Pylon  
  22  2:03  Probe (Chrono Boost)  
  23  2:08  Adept (Chrono Boost)  
  23  2:15  Probe (Chrono Boost)  
  27  2:23  Probe (Chrono Boost)  
  27  2:29  Probe  
  22  2:30  Warp Gate  
  27  2:31  Stalker  
  27  2:36  Twilight Council  
  30  2:39  Probe (Chrono Boost)  
  32  2:46  Probe (Chrono Boost)  
  33  2:52  Probe (Chrono Boost)  
  33  2:57  Probe x2 (Chrono Boost)  
  35  3:03  Robotics Facility  
  35  3:06  Probe x2  
  37  3:18  Probe x2  
  37  3:19  Dark Shrine  
  39  3:27  Gateway  
  39  3:30  Probe x2  
  41  3:42  Gateway, Probe x2  
  41  3:45  Gateway  
  43  3:51  Warp Prism (Chrono Boost)  
  43  3:54  Probe  
  46  3:59  Pylon  
  46  4:03  Assimilator  
  46  4:05  Assimilator  
  46  4:09  Pylon  
  46  4:14  Pylon  
  46  4:17  Probe x2  
  46  4:20  Warp Prism (Chrono Boost)  
  50  4:29  Probe x2  
  52  4:36  Dark Templar x2  
  56  4:39  Dark Templar  
  56  4:44  Dark Templar  
  62  4:51  Pylon  
  60  4:59  Nexus  
  60  5:00  Probe  
  61  5:15  Pylon  
  61  5:19  Dark Templar x3  
  67  5:25  Probe  
  68  5:30  Probe  
  68  5:32  Forge  
  69  5:40  Probe  
  70  5:44  Robotics Bay  
  70  5:47  Robotics Facility  
  70  5:52  Probe  
  71  5:57  Probe  
  71  6:00  Blink  
  71  6:01  Gateway  
  71  6:04  Shield Battery, Gateway  
  72  6:06  Pylon  
  72  6:07  Dark Templar  
  74  6:14  Archon, Probe (Chrono Boost)  
  74  6:18  Protoss Ground Weapons Level 1, Probe (Chrono Boost)  
  76  6:24  Gateway  
  76  6:25  Gateway, Probe (Chrono Boost)  
  77  6:26  Archon  
  77  6:32  Disruptor (Chrono Boost)  
  78  6:36  Probe (Chrono Boost)  
  78  6:37  Probe (Chrono Boost)  
  80  6:40  Probe  
  80  6:46  Probe  
  85  6:48  Disruptor (Chrono Boost)  
  85  6:50  Assimilator  
  85  6:51  Probe  
  85  6:52  Pylon, Probe  
  87  6:59  Probe  
  88  7:01  Pylon  
  88  7:05  Disruptor (Chrono Boost)  
  89  7:09  Zealot  
  89  7:10  Zealot x2  
  89  7:12  Pylon  
  89  7:15  Stalker x2  
  99  7:16  Pylon  
  99  7:21  Photon Cannon  
  99  7:27  Photon Cannon  
  102  7:34  Disruptor (Chrono Boost)  
  102  7:35  Photon Cannon  
  102  7:37  Shield Battery  
  102  7:41  Stalker x2  
  103  7:48  Probe  
  103  7:49  Probe  
  99  7:53  Probe  
  98  8:00  Probe  
  98  8:01  Probe  
  98  8:05  Probe  
  100  8:07  Shield Battery  
  100  8:10  Archon  
  100  8:12  Probe  
  101  8:13  Probe  
  101  8:17  Dark Templar x4  
  101  8:19  Dark Templar  
  112  8:22  Archon x2  
  112  8:24  Observer  
  112  8:26  Stalker  
  113  8:30  Stalker, Probe x2  
  114  8:35  Probe  
  114  8:36  Stalker  
  115  8:42  Probe  
  115  8:47  Probe  
  115  8:48  Probe  
  116  8:54  Probe  
  117  8:58  Stalker  
  117  8:59  Stalker x4  
  117  9:00  Probe  
  128  9:04  Assimilator  
  128  9:13  Pylon  
  128  9:14  Dark Templar  
  128  9:15  Pylon  
  130  9:19  Zealot  
  130  9:20  Probe  
  131  9:27  Stalker x2  
  131  9:28  Stalker  
  136  9:36  Dark Templar  
  135  9:38  Probe  
  135  9:42  Stalker  
  136  9:49  Probe  

Tags
 
Add a new tag
Caveats
  • Supply blocks, unpowered buildings, or Contaminate may cause inaccurate times.
  • Supply counts are checked every 10 seconds.